 Dungeon Crawl Stone Soup version 0.27.1-33-g824d729ab1 (webtiles) character file.

Game seed: 4411715178687968287

37 Aksej the Chopper (level 3, 0/30 HPs)
             Began as a Minotaur Gladiator on Nov 28, 2021.
             Slain by a quokka (4 damage)
             ... on level 1 of the Dungeon.
             The game lasted 00:03:23 (1027 turns).

Aksej the Chopper (Minotaur Gladiator)              Turns: 1027, Time: 00:03:23

Health: 0/30       AC:  5    Str: 18    XL:     3   Next: 21%
Magic:  2/2        EV: 12    Int:  5    God:
Gold:   46         SH:  0    Dex: 12    Spells: 2/2 levels left

rFire    . . .     SeeInvis .   a - +0 war axe
rCold    . . .     Faith    .   (no shield)
rNeg     . . .     Spirit   .   b - +0 leather armour
rPois    .         Reflect  .   c - +0 hat
rElec    .         Harm     .   f - +0 cloak
rCorr    .         Rampage  .   g - +0 pair of gloves
Will     .....                  (no boots)
Stlth    ..........             (no amulet)
HPRegen  0.10/turn              (no ring)
MPRegen  0.08/turn              (no ring)

@: silenced (expiring)
A: horns 2, retaliatory headbutt
a: no special abilities


You were on level 1 of the Dungeon.
You visited 1 branch of the dungeon, and saw 2 of its levels.

You collected 46 gold pieces.

Inventory:

Hand Weapons
 a - a +0 war axe (weapon)
Missiles
 d - 3 throwing nets (quivered)
Armour
 b - a +0 leather armour (worn)
 c - a +0 hat (worn)
 f - a +0 cloak (worn)
 g - a +0 pair of gloves (worn)
Scrolls
 i - a scroll of noise {unknown}


   Skills:
 + Level 2.9 Fighting
 + Level 4.6 Axes
 + Level 2.0 Throwing
 + Level 0.7 Armour
 + Level 3.5 Dodging


You had 2 spell levels left.
You didn't know any spells.
Your spell library contained the following spells:

 Spells                   Type           Power      Damage    Failure   Level
 Gell's Gravitas          Tloc           0%         N/A       88%         3
 Lesser Beckoning         Tloc           0%         N/A       88%         3
 Teleport Other           Tloc           0%         N/A       88%         3


Dungeon Overview and Level Annotations

Branches:
Dungeon (2/15)

Altars:


Innate Abilities, Weirdness & Mutations

You have a pair of horns on your head.
You reflexively headbutt those who attack you in melee.


Message History

The gnoll hits you from afar with a +0 halberd.
The gnoll hits you from afar with a +0 spear.
There is a stone staircase leading up here.
The gnoll hits you from afar with a +0 spear.
The gnoll barely misses you. The gnoll completely misses you.
The gnoll hits you from afar with a +0 spear.
There is a stone staircase leading up here.
The quokka barely misses you. The gnoll completely misses you.
The gnoll barely misses you.
The endoplasm hits you but does no damage.
The gnoll hits you from afar with a +0 spear.
The gnoll barely misses you.
You climb upwards.
There is a stone staircase leading down here.
You hit the gnoll. You headbutt the gnoll!
You kill the gnoll!
You barely miss the gnoll. You hit the endoplasm. You barely miss the quokka.
The quokka bites you but does no damage.
The gnoll hits you with a +0 flail!
* * * LOW HITPOINT WARNING * * *
The endoplasm hits you but does no damage.
The quokka barely misses you.
You have reached level 3!
Your experience leads to an increase in your attributes!
Increase (S)trength, (I)ntelligence, or (D)exterity?
You feel agile.
Press: ? - help, v - describe, . - travel A stone staircase leading down, spattered with blood.
This square is shrouded in silence.
It was a potion of curing.
You feel better. The gnoll hits you with a +0 flail.
* * * LOW HITPOINT WARNING * * *
The quokka closely misses you. The endoplasm freezes you.
You are frozen.
* * * LOW HITPOINT WARNING * * *
You slash the gnoll! Your headbutt misses the gnoll.
The gnoll is severely wounded.
You hit the quokka but do no damage. You barely miss the endoplasm.
The quokka bites you.
You die...

###############
..............#
...##########.#
..............######
...................#
.##.#.##...#..####.#
.#.###.........J@#.#
.##.#.##...#...r)g.#
.....#######.......#
.....# #...........#
#....###.####.)....#
#.#...#...###......#
#..............#.###
###...#...####.#...#
##.###.#####.###.#


You could see a gnoll, an endoplasm and a quokka.

Vanquished Creatures
  A gnoll (D:1)
  2 ball pythons (D:1)
  3 endoplasms (D:1)
  A giant cockroach (D:1)
  2 hobgoblins (D:1)
  2 kobolds (D:1)
  A quokka (D:1)
  2 bats (D:1)
  A frilled lizard (D:1)
  6 goblins (D:1)
  4 rats (D:1)
25 creatures vanquished.

Notes
Turn   | Place    | Note
-------+----------+-------------------------------------------
     0 | D:1      | Aksej the Minotaur Gladiator began the quest for the Orb.
     0 | D:1      | Reached XP level 1. HP: 18/18 MP: 0/0
   153 | D:1      | Reached skill level 4 in Axes
   262 | D:1      | Reached XP level 2. HP: 24/25 MP: 1/1
   542 | D:1      | Found a faded altar of an unknown god.
  1026 | D:1      | Reached XP level 3. HP: 4/30 MP: 2/2
  1027 | D:1      | Slain by a quokka

Illustrated notes

Levels and vault maps discovered:
D:1:      matt_arrival_spirals, layout_loops_ring,
          shapermc_ecumenical_altar_pompeii, minivault_26, minmay_cupped
D:2:      layout_rooms, moated_statue, minmay_misc_feat_room,
          hangedman_decor_opposing, amcnicky_mini_pool_small

Skill      XL: |  1 |
---------------+----+-----
Axes           | 4 |  4.6
Fighting       | |  2.9
Throwing       | |  2.0
Armour         | |  0.7
Dodging        | |  3.5

Action                   || total
-------------------------++-------
Melee: War axe           ||    33
       Headbutt          ||     6
  Use: Scroll            ||     1
       Potion            ||     1
 Stab: Sleeping          ||     1
Armor: Leather armour    ||    10
Dodge: Dodged            ||    25
